 Dungeon Crawl Stone Soup version 0.17.2-1-ge4368a0 (webtiles) character file.

93 hexophile the Chiller (level 4, -3/24 HPs)
             Began as a Deep Elf Ice Elementalist on Oct 14, 2016.
             Slain by a gnoll
             ... wielding a +0 spear
              (7 damage)
             ... on level 2 of the Dungeon on Mar 26, 2017.
             The game lasted 00:05:35 (1954 turns).

hexophile the Chiller (Deep Elf Ice Elementalist)   Turns: 1954, Time: 00:05:35

Health: -3/24      AC:  2    Str:  6    XL:     4   Next: 37%
Magic:  10/11      EV: 13    Int: 23    God:
Gold:   63         SH:  0    Dex: 15    Spells: 2 memorised, 6 levels left

rFire  . . .     SeeInvis .     c - +0 whip
rCold  . . .     Clarity  .     a - +0 robe
rNeg   . . .     SustAt   .     (no shield)
rPois  .         Gourm    .     (no helmet)
rElec  .         Spirit   .     (no cloak)
rCorr  .         Warding  .     (no gloves)
rMut   .         Stasis   .     (no boots)
MR     .....                    (no amulet)
Stlth  ++........               (no ring)
                                j - +3 ring of intelligence

@: not resistant to hostile enchantments, unstealthy
A: no striking features
a: no special abilities


You were on level 2 of the Dungeon.
You were not hungry.

You visited 1 branch of the dungeon, and saw 2 of its levels.

You collected 63 gold pieces.

Inventory:

Hand Weapons
 c - a +0 whip (weapon)
 n - a cursed -1 dagger
Missiles
 i - 7 needles of frenzy
Armour
 a - a +0 robe (worn)
Jewellery
 j - a +3 ring of intelligence (left hand)
 m - an uncursed ring of protection from magic {unknown}
Scrolls
 d - a scroll of fog
 e - a scroll of fear {unknown}
 g - 2 scrolls of remove curse {unknown}
 k - a scroll of random uselessness {unknown}
Potions
 h - 3 potions of curing
Books
 b - a book of Frost

   Spells                             Type                      Level
   a - Freeze                         Ice                          1
   b - Throw Frost                    Conjuration/Ice              2
   c - Ozocubu's Armour               Charms/Ice                   3
   d - Throw Icicle                   Conjuration/Ice              4
   e - Summon Ice Beast               Ice/Summoning                4
   f - Condensation Shield            Ice                          4
Comestibles
 f - 4 chunks of flesh
 l - a beef jerky
 r - 3 bread rations


You had 6 spell levels left.
You knew the following spells:

 Your Spells              Type           Power        Failure   Level  Hunger
a - Freeze                Ice            ####         1%          1    None
b - Throw Frost           Conj/Ice       ###...       4%          2    ##.....


   Skills:
 * Level 3.0 Dodging
 - Level 2.4 Stealth
 * Level 3.4 Spellcasting
 - Level 1.1 Conjurations
 * Level 5.2 Ice Magic

Dungeon Overview and Level Annotations

Branches:
Dungeon (2/15)

Altars:

Vault maps used:
D:1:      dpeg_arrival_renting, wad_floor_pattern_untrapped
D:2:      lemuel_doored_altar, minivault_25, minmay_misc_feat_more_columns,
          interstate_on_off, uniq_terence
You       could see 2 gnolls and a giant newt.


Message History

You see here a bat corpse.
You butcher the bat corpse.
f - 4 chunks of flesh (gained 1)
Found a leather armour. 3 gnolls come into view.
Found 19 gold pieces.
A gnoll comes into view. It is wielding a whip.
The gnoll shouts!
The gnoll moves out of view.
You see here a runed dagger.
n - a runed dagger The gnoll shouts!
You see here 10 gold pieces.
A giant newt comes into view.
The gnoll shouts!
The giant newt closely misses you. The gnoll closely misses you.
The gnoll hits you with a spear!
You lost 7 HP.
You have now: 17/24 HP.
Casting: Freeze
Confirm with . or Enter, or press ? or * to list all spells.
Aiming: Freeze
Press: ? - help, Shift-Dir - straight line, f - giant newt
Aim: a giant newt You freeze the giant newt.
The giant newt is heavily wounded.
The giant newt closely misses you.
The gnoll hits you from afar with a spear!
* * * LOW HITPOINT WARNING * * *
The gnoll misses you.
You lost 9 HP.
You have now: 8/24 HP.
Unknown command.
You hit the gnoll.
The gnoll is moderately wounded.
The giant newt bites you.
* * * LOW HITPOINT WARNING * * *
The gnoll closely misses you. The gnoll barely misses you.
You lost 1 HP.
You have now: 7/24 HP.
You hit the gnoll.
The gnoll is heavily wounded.
The giant newt barely misses you.
The gnoll hits you from afar with a spear.
* * * LOW HITPOINT WARNING * * *
The gnoll closely misses you.
You lost 3 HP.
You have now: 4/24 HP.
You hit the gnoll.
You kill the gnoll!
Your Dodging skill increases to level 3!
The giant newt misses you.
The gnoll hits you from afar with a spear!
You die...

Action                   |  1- 3 |  4- 6 || total
-------------------------+-------+-------++-------
Melee: Whip              |    31 |     3 ||    34
       Unarmed           |     1 |       ||     1
 Cast: Freeze            |    45 |     3 ||    48
       Throw Frost       |     2 |       ||     2
  Use: Scroll            |     1 |       ||     1
       Potion            |     1 |       ||     1
  Eat: Chunk             |     3 |       ||     3

Notes
Turn   | Place    | Note
--------------------------------------------------------------
     0 | D:1      | hexophile the Deep Elf Ice Elementalist began the quest for the Orb.
     0 | D:1      | Reached XP level 1. HP: 10/10 MP: 6/6
   229 | D:1      | Reached XP level 2. HP: 6/15 MP: 5/8
   271 | D:1      | Reached skill level 4 in Ice Magic
  1140 | D:1      | Reached XP level 3. HP: 11/19 MP: 5/9
  1502 | D:2      | Reached skill level 5 in Ice Magic
  1656 | D:2      | Learned a level 2 spell: Throw Frost
  1779 | D:2      | Noticed Terence
  1841 | D:2      | Killed Terence
  1841 | D:2      | Reached XP level 4. HP: 21/24 MP: 3/11
  1954 | D:2      | Reached skill level 3 in Dodging
  1954 | D:2      | Slain by a gnoll

Table legend:
 A = Turns spent in this place as a percentage of turns spent in the entire game.
 B = Non-inter-level travel turns spent in this place as a percentage of non-inter-level travel turns spent in the entire game.
 C = Inter-level travel turns spent in this place as a percentage of turns spent in this place.
 D = Turns resting spent in this place as a percentage of non-inter-level travel turns spent in this place.
 E = Turns spent auto-exploring this place as a percentage of non-inter-level travel turns spent in this place.
 F = Non-inter-level travel turns spent in this place divided by the number of levels of this place that you've seen.
                   A       B       C       D       E      F
               +-------+-------+-------+-------+-------+----------------------
         Total | 100.0 | 100.0 |   0.3 |   2.9 |   4.4 | 309.0
       Dungeon | 100.0 | 100.0 |   0.3 |   2.9 |   4.4 | 309.0
               +-------+-------+-------+-------+-------+----------------------

Table legend:
 A = Kills in this place as a percentage of kills in entire the game.
 B = Kills by you in this place as a percentage of kills by you in the entire game.
 C = Kills by friends in this place as a percentage of kills by friends in the entire game.
 D = Other kills in this place as a percentage of other kills in the entire game.
 E = Experience gained in this place as a percentage of experience gained in the entire game.
 F = Experience gained in this place divided by the number of levels of this place that you have seen.
                   A       B       C       D       E      F
               +-------+-------+-------+-------+-------+----------------------
         Total | 100.0 | 100.0 |  -nan |  -nan | 100.0 |  67.0
       Dungeon | 100.0 | 100.0 |  -nan |  -nan | 100.0 |  67.0
               +-------+-------+-------+-------+-------+----------------------

Vanquished Creatures
  Terence (D:2)
  An adder (D:1)
  A gnoll (D:2)
  2 oozes (D:1)
  A worm (D:2)
  2 giant geckos (D:2)
  3 goblins
  3 hobgoblins
  9 jackals
  2 bats
  2 giant cockroaches (D:1)
  A giant newt (D:1)
  5 kobolds
  2 rats (D:1)
35 creatures vanquished.
